 Dungeon Crawl Stone Soup version 0.24.0-13-gcf9b319 (webtiles) character file.

Game seed: 15666194788976327970, levelgen mode: deterministic

263 Bronimir the Vexing (level 6, -1/50 HPs)
             Began as a Gnoll Wanderer on Apr 13, 2020.
             Was an Initiate of Sif Muna.
             Succumbed to a scorpion's poison
             ... on level 4 of the Dungeon.
             The game lasted 00:06:50 (4198 turns).

Bronimir the Vexing (Gnoll Wanderer)                Turns: 4198, Time: 00:06:50

Health: -1/50      AC:  3    Str: 17    XL:     6   Next: 19%
Magic:  9/11       EV: 17    Int: 13    God:    Sif Muna [......]
Gold:   129        SH:  0    Dex: 20    Spells: 2/11 levels left

rFire    . . .     SeeInvis .   a - +0 hand axe
rCold    . . .     Gourm    .   (no shield)
rNeg     . . .     Faith    .   e - +0 leather armour
rPois    .         Spirit   .   (no helmet)
rElec    .         Reflect  .   (no cloak)
rCorr    .         Harm     .   (no gloves)
MR       .....                  (no boots)
Stlth    +++.......             (no amulet)
HPRegen  0.16/turn              (no ring)
MPRegen  0.12/turn              (no ring)

@: agile, lethally poisoned (-1 -> -13), about to teleport, flying, very
slightly contaminated, invisible
A: distributed training, fangs 1, strong nose
a: Renounce Religion


You were on level 4 of the Dungeon.
You worshipped Sif Muna.
Sif Muna was noncommittal.
You were not hungry.

You visited 1 branch of the dungeon, and saw 4 of its levels.

You collected 129 gold pieces.

Inventory:

Hand Weapons
 a - a +0 hand axe (weapon)
 b - a +0 hunting sling
 l - a cursed -3 spear
Missiles
 j - 69 stones (quivered)
 n - 32 sling bullets
 u - 45 arrows
Armour
 d - a +0 robe
 e - a +0 leather armour (worn)
 t - a scarf of spirit shield
 v - a +0 ring mail
Jewellery
 g - an uncursed amulet of the acrobat {unknown}
Scrolls
 c - 2 scrolls of teleportation
 h - 2 scrolls of fear {unknown}
 i - a scroll of enchant armour {unknown}
 k - a scroll of magic mapping {unknown}
 r - 2 scrolls of fog {unknown}
Comestibles
 f - 5 rations


   Skills:
 + Level 4.9 Fighting
 + Level 1.8 Short Blades
 + Level 1.8 Long Blades
 + Level 1.8 Axes
 + Level 1.8 Maces & Flails
 + Level 1.8 Polearms
 + Level 1.8 Staves
 + Level 1.8 Slings
 + Level 3.1 Bows
 + Level 1.8 Crossbows
 + Level 1.8 Throwing
 + Level 1.8 Armour
 + Level 1.8 Dodging
 + Level 3.0 Stealth
 + Level 1.8 Shields
 + Level 1.8 Unarmed Combat
 + Level 3.3 Spellcasting
 + Level 1.4 Conjurations
 + Level 7.2 Hexes
 + Level 1.4 Charms
 + Level 1.4 Summonings
 + Level 1.4 Necromancy
 + Level 1.4 Translocations
 + Level 1.4 Transmutations
 + Level 1.4 Fire Magic
 + Level 1.4 Ice Magic
 + Level 1.4 Air Magic
 + Level 1.4 Earth Magic
 + Level 1.4 Poison Magic
 + Level 2.0 Invocations
 + Level 3.1 Evocations


You had 2 spell levels left.
You knew the following spells:

 Your Spells              Type           Power        Failure   Level  Hunger
a - Corona                Hex            ###....      1%          1    #......
b - Ensorcelled Hibernat  Hex/Ice        ##....       7%          2    ##.....
c - Confuse               Hex            ###.....     4%          3    ###....
d - Tukima's Dance        Hex            ###.....     4%          3    ###....

Your spell library contained the following spells:

 Spells                   Type           Power        Failure   Level  Hunger
 Dazzling Spray           Conj/Hex       ##....       13%         3    ###....


Dungeon Overview and Level Annotations

Branches:
Dungeon (4/15)
 Temple: D:4-7

Altars:
Cheibriados
Fedhas
Sif Muna
Trog

Annotations:
D:3 2 transporters, shmeve's ghost, amateur MiBe


Innate Abilities, Weirdness & Mutations

Your experience applies equally to all skills.
You have very sharp teeth.
Your uncanny sense of smell can sniff out nearby items.


Message History

You feel sick. The scorpion stings you.
* * * LOW HITPOINT WARNING * * *
You are more poisoned.
The scorpion poisons you!
You completely miss the scorpion.
The scorpion is severely wounded.
* * * LOW HITPOINT WARNING * * *
You feel sick.
Casting: Ensorcelled Hibernation (safe; 7% risk of failure)
Confirm with . or Enter, or press ? or * to list all spells.
Aiming: Corona (safe; 1% risk of failure)
Press: ? - help, Shift-Dir - straight line, f/p - scorpion
Aim: a scorpion (severely wounded, hasn't noticed you, chance to defeat MR: 60%)
The scorpion is outlined in light.
* * * LOW HITPOINT WARNING * * *
You feel sick.
You aren't carrying any potions.
As you read the scroll of teleportation, it crumbles to dust.
You feel strangely unstable.
You die...

#.##.....#
#.#..##....#
#####....# ##.#
......#.##
#####...# ##..#
#..# ###.. #..#
######......
##.#####...@.......
#.##....####..s..#
#.##.##.#### .....
#.......# ###.
#......####
#.####.. # ###


You could see a scorpion (wandering).

Vanquished Creatures
  A scorpion (D:2)
  A hound (D:4)
  An orc wizard (D:3)
  Jessica (D:2)
  Natasha (D:2)
  A hound skeleton (D:4)
  4 adders
  An ooze (D:2)
  2 dart slugs (D:1)
  4 orcs
  2 ball pythons (D:3)
  A giant cockroach (D:4)
  6 goblins
  4 hobgoblins
  2 jackals (D:2)
  A quokka (D:3)
  A ball python skeleton (D:4)
  3 bats (D:1)
  4 frilled lizards
  5 kobolds
  8 rats
54 creatures vanquished.

Vanquished Creatures (collateral kills)
  2 orcs (D:3)
2 creatures vanquished.

Grand Total: 56 creatures vanquished

Notes
Turn   | Place    | Note
-------+----------+-------------------------------------------
     0 | D:1      | Bronimir the Gnoll Wanderer began the quest for the Orb.
     0 | D:1      | Bronimir set off with the following items: a +0 hand axe, a
                  | scroll of teleportation, a +0 robe, a ration; and the
                  | following spell memorised: Corona; and the following spells
                  | available to memorise: Confuse, Tukima's Dance, Ensorcelled
                  | Hibernation, Dazzling Spray
     0 | D:1      | Reached XP level 1. HP: 20/20 MP: 4/4
   379 | D:1      | Reached XP level 2. HP: 16/26 MP: 5/5
  1603 | D:2      | Learned a level 2 spell: Ensorcelled Hibernation
  1660 | D:2      | Noticed Jessica
  1668 | D:2      | Killed Jessica
  1668 | D:2      | Reached skill level 1 in Invocations
  1668 | D:2      | Reached XP level 3. HP: 20/31 MP: 5/7
  1785 | D:2      | Reached skill level 1 in Short Blades
  1785 | D:2      | Reached skill level 1 in Long Blades
  1785 | D:2      | Reached skill level 1 in Axes
  1785 | D:2      | Reached skill level 1 in Maces & Flails
  1785 | D:2      | Reached skill level 1 in Polearms
  1785 | D:2      | Reached skill level 1 in Staves
  1785 | D:2      | Reached skill level 1 in Slings
  1785 | D:2      | Reached skill level 1 in Crossbows
  1785 | D:2      | Reached skill level 1 in Throwing
  1785 | D:2      | Reached skill level 1 in Armour
  1785 | D:2      | Reached skill level 1 in Dodging
  1785 | D:2      | Reached skill level 1 in Shields
  1785 | D:2      | Reached skill level 1 in Unarmed Combat
  1790 | D:2      | Reached XP level 4. HP: 12/38 MP: 6/8
  2037 | D:2      | Learned a level 3 spell: Confuse
  2042 | D:2      | Noticed Natasha
  2054 | D:2      | Killed Natasha
  2088 | D:2      | Reached skill level 1 in Conjurations
  2088 | D:2      | Reached skill level 1 in Charms
  2088 | D:2      | Reached skill level 1 in Summonings
  2088 | D:2      | Reached skill level 1 in Necromancy
  2088 | D:2      | Reached skill level 1 in Translocations
  2088 | D:2      | Reached skill level 1 in Transmutations
  2088 | D:2      | Reached skill level 1 in Fire Magic
  2088 | D:2      | Reached skill level 1 in Ice Magic
  2088 | D:2      | Reached skill level 1 in Air Magic
  2088 | D:2      | Reached skill level 1 in Earth Magic
  2088 | D:2      | Reached skill level 1 in Poison Magic
  2088 | D:2      | Reached XP level 5. HP: 23/43 MP: 9/9
  2464 | D:2      | Found a snail-covered altar of Cheibriados.
  2464 | D:2      | Found a blossoming altar of Fedhas.
  2496 | D:2      | Found a shimmering blue altar of Sif Muna.
  3107 | D:2      | Became a worshipper of Sif Muna the Loreminder
  3207 | D:3      | Noticed shmeve's ghost (amateur MiBe)
  3208 | D:3      | Found a transporter.
  3208 | D:3      | Identified the +10 dire flail of Hatred {venom, rElec rN++}
  3208 | D:3      | Noticed an ogre
  3209 | D:3      | Found a transporter.
  3209 | D:3      | Noticed an ogre
  3432 | D:3      | Found a faded altar of an unknown god.
  3569 | D:3      | Found a bloodstained altar of Trog.
  3600 | D:3      | Learned a level 3 spell: Tukima's Dance
  3789 | D:3      | Reached XP level 6. HP: 31/50 MP: 4/11
  4174 | D:4      | HP: 2/50 [scorpion (4)]
  4196 | D:4      | HP: 2/50 [poisoned by a scorpion]
  4198 | D:4      | Succumbed to a scorpion's poison

Levels and vault maps discovered:
D:1:      sevenhm_arrival_forest_fort_large_2, layout_basic
D:2:      layout_loops_corners, led_sif_pool, gammafunk_temple_overflow_wave,
          nrook_loot_triangle, uniq_jessica, uniq_natasha
D:3:      layout_basic, lemuel_round_altar, gammafunk_ghost_smash,
          chequers_ecumenical_altar_twisty
D:4:      layout_rooms, first_ration, uniq_pikel, uniq_edmund

Skill      XL: |  1  2  3  4  5 |
---------------+----------------+-----
Invocations    | 1 2 |  2.0
Short Blades   | 1 |  1.8
Long Blades    | 1 |  1.8
Axes           | 1 |  1.8
Maces & Flails | 1 |  1.8
Polearms       | 1 |  1.8
Staves         | 1 |  1.8
Slings         | 1 |  1.8
Crossbows      | 1 |  1.8
Throwing       | 1 |  1.8
Armour         | 1 |  1.8
Dodging        | 1 |  1.8
Shields        | 1 |  1.8
Unarmed Combat | 1 |  1.8
Spellcasting   | 3 |  3.3
Conjurations   | 1 |  1.4
Charms         | 1 |  1.4
Summonings     | 1 |  1.4
Necromancy     | 1 |  1.4
Translocations | 1 |  1.4
Transmutations | 1 |  1.4
Fire Magic     | 1 |  1.4
Ice Magic      | 1 |  1.4
Air Magic      | 1 |  1.4
Earth Magic    | 1 |  1.4
Poison Magic   | 1 |  1.4
Bows           | 3 |  3.1
Evocations     | 3 |  3.1
Stealth        | 3 |  3.0
Fighting       | |  4.9
Hexes          | |  7.2

Action                   |  1- 3 |  4- 6 || total
-------------------------+-------+-------++-------
Melee: Hand axe          |    69 |   102 ||   171
       Bite              |    10 |     7 ||    17
       Punch             |       |     1 ||     1
 Fire: Hunting sling     |       |    56 ||    56
 Cast: Corona            |     2 |     4 ||     6
       Confuse           |       |     4 ||     4
       Tukima's Dance    |       |     2 ||     2
       Ensorcelled Hiber |       |     1 ||     1
  Use: Potion            |     1 |     7 ||     8
       Scroll            |       |     1 ||     1
 Stab: Confused          |       |     4 ||     4
       Sleeping          |       |     6 ||     6
       Invisible         |       |     1 ||     1
  Eat: Ration            |     1 |     1 ||     2
       Chunk             |       |     5 ||     5
Armor: Leather armour    |    15 |    25 ||    40
       Skin              |       |    26 ||    26
Dodge: Dodged            |    45 |    75 ||   120
